 Dungeon Crawl Stone Soup version 0.24.0-123-gd5b16e6ec5 (webtiles) character file.

Game seed: 16097894920648119241, levelgen mode: deterministic

67 Chiseanne the Magician (level 4, 30/30 HPs)
             Began as a Demonspawn Wizard on Jan 20, 2020.
             Quit the game on level 2 of the Dungeon.
             The game lasted 00:03:32 (2462 turns).

Chiseanne the Magician (Demonspawn Wizard)          Turns: 2462, Time: 00:03:32

Health: 30/30      AC:  3    Str:  8    XL:     4   Next: 0%
Magic:  9/9        EV: 14    Int: 20    God:
Gold:   44         SH:  0    Dex: 11    Spells: 9/10 levels left

rFire    . . .     SeeInvis .   i - +0 short sword
rCold    . . .     Gourm    .   (no shield)
rNeg     . . .     Faith    .   a - +0 robe
rPois    .         Spirit   .   b - +0 hat
rElec    .         Reflect  .   (no cloak)
rCorr    +         Harm     .   (no gloves)
MR       .....                  e - +0 pair of boots
Stlth    ++........             (no amulet)
HPRegen  0.10/turn              m - ring of resist corrosion
MPRegen  0.11/turn              (no ring)

@: no status effects
A: talons 1, repulsion field 1
a: no special abilities


You were on level 2 of the Dungeon.
You were not hungry.

You visited 1 branch of the dungeon, and saw 2 of its levels.

You collected 44 gold pieces.

Inventory:

Hand Weapons
 i - a +0 short sword (weapon)
Missiles
 f - 152 stones (quivered)
Armour
 a - a +0 robe (worn)
 b - a +0 hat (worn)
 e - a +0 pair of boots (worn)
Jewellery
 m - a ring of resist corrosion (left hand)
Scrolls
 c - a scroll of fog {unknown}
 g - 3 scrolls of blinking {unknown}
 h - 3 scrolls of identify {unknown}
 k - a scroll of amnesia {unknown}
Potions
 j - 2 potions of curing {unknown}
Comestibles
 d - 3 rations


   Skills:
 * Level 2.3 Dodging
 - Level 1.7 Stealth
 * Level 3.7 Spellcasting
 * Level 2.5 Conjurations
   Level 1.0 Summonings
   Level 0.8 Translocations


You had 9 spell levels left.
You knew the following spells:

 Your Spells              Type           Power        Failure   Level  Hunger
a - Magic Dart            Conj           ##..         4%          1    None

Your spell library contained the following spells:

 Spells                   Type           Power        Failure   Level  Hunger
 Call Imp                 Summ           #.......     13%         2    ##.....
 Blink                    Tloc           N/A          14%         2    ##.....
 Slow                     Hex            #.......     21%         2    ##.....
 Conjure Flame            Conj/Fire      #.......     24%         3    ###....
 Mephitic Cloud           Conj/Pois/Air  #.......     28%         3    ###....


Dungeon Overview and Level Annotations

Branches:
Dungeon (2/15)

Altars:
Xom


Innate Abilities, Weirdness & Mutations

You have sharp toenails.
You are surrounded by a mild repulsion field. (EV +2)


Message History

[Y]es or [N]o only, please.
That beam is likely to hit you.
Continue anyway?
Okay, then.
Things that are here:
a +0 short sword; a kobold corpse
m - a ring of resist corrosion (left hand) Eating a chunk of flesh.
You eat the chunk of flesh.
This raw flesh tastes terrible.
A leopard gecko comes into view.
Casting: Magic Dart (safe; 4% risk of failure)
Confirm with . or Enter, or press ? or * to list all spells.
Aiming: Magic Dart (safe; 4% risk of failure)
Press: ? - help, Shift-Dir - straight line, f - leopard gecko
Aim: a leopard gecko (resting)
The magic dart hits the leopard gecko.
You kill the leopard gecko!
You have reached level 4!
You feel stronger.
Your demonic ancestry asserts itself...
Your toenails lengthen and sharpen.
Are you sure you want to abandon this character and quit the game? (Confirm with "yes".)

#.# #.. #.# #.# #.#
#.# #.# #.#
#.#####.##########
#>................
#.#.....####......
#)#.##### #......
#@#.# #...... #.#.#
#####)#
#.#.############..
#.#...............
#.##....##........
... . ..'.........
...##....#.........
....# .. #.####.###
.....# . #. ###.###


There were no monsters in sight!

Vanquished Creatures
  2 adders (D:2)
  A dart slug (D:1)
  2 leopard geckos
  2 hobgoblins (D:1)
  14 jackals
  A bat (D:2)
  3 frilled lizards
  11 goblins
  3 kobolds (D:2)
  2 rats (D:1)
41 creatures vanquished.

Notes
Turn   | Place    | Note
-------+----------+-------------------------------------------
     0 | D:1      | Chiseanne the Demonspawn Wizard began the quest for the
                  | Orb.
     0 | D:1      | Reached XP level 1. HP: 13/13 MP: 4/4
   527 | D:1      | Gained mutation: You are surrounded by a mild repulsion
                  | field. (EV +2) [demonic ancestry]
   527 | D:1      | Reached XP level 2. HP: 19/19 MP: 1/6
  1551 | D:1      | Reached XP level 3. HP: 13/24 MP: 2/7
  2328 | D:2      | Found a shimmering altar of Xom.
  2443 | D:2      | Gained mutation: You have sharp toenails. [demonic
                  | ancestry]
  2443 | D:2      | Reached XP level 4. HP: 30/30 MP: 6/9
  2462 | D:2      | Quit the game

Levels and vault maps discovered:
D:1:      nzn_arrival_depleted_hourglass, layout_basic, bh_walls_and_bars
D:2:      layout_basic, lemuel_crystal_altar, minmay_tetromino_t4

Skill      XL: |  1  2 |
---------------+-------+-----
Conjurations   | 2 |  2.5
Dodging        | 2 |  2.3
Stealth        | |  1.7
Spellcasting   | |  3.7
Summonings     | |  1.0
Translocations | |  0.8

Action                   |  1- 3 |  4- 6 || total
-------------------------+-------+-------++-------
Melee: Unarmed           |     3 |       ||     3
       Short sword       |    17 |       ||    17
       Club              |     3 |       ||     3
 Cast: Magic Dart        |    91 |     1 ||    92
  Eat: Chunk             |     5 |       ||     5
Armor: Robe              |     8 |       ||     8
Dodge: Dodged            |    43 |       ||    43
